 Dungeon Crawl Stone Soup version 0.21-a0-496-g696f58f (webtiles) character file.

32 noon the Charmwright (level 3, -1/28 HPs)
             Began as a Merfolk Skald on Nov 23, 2017.
             Was an Initiate of Dithmenos.
             Slain by an adder (2 damage)
             ... on level 2 of the Dungeon.
             The game lasted 00:06:46 (1114 turns).

noon the Charmwright (Merfolk Skald)                Turns: 1114, Time: 00:06:47

Health: -1/28      AC:  3    Str: 12    XL:     3   Next: 25%
Magic:  6/6        EV:  8    Int: 12    God:    Dithmenos [......]
Gold:   60         SH:  6    Dex: 13    Spells: 2/6 levels left

rFire    . . .     SeeInvis .   a - +0 spear
rCold    . . .     Gourm    .   j - +0 shield
rNeg     . . .     Faith    .   b - +0 leather armour
rPois    .         Spirit   .   (no helmet)
rElec    .         Reflect  .   (no cloak)
rCorr    .         Harm     .   (no gloves)
MR       .....                  (no boots)
Stlth    +.........             (no amulet)
HPRegen  0.09/turn              (no ring)
MPRegen  0.10/turn              (no ring)

@: lethally poisoned (-1 -> -12), heavily drained
A: change form in water, swift swim, stealthy swim
a: Renounce Religion


You were on level 2 of the Dungeon.
You worshipped Dithmenos.
Dithmenos was noncommittal.
You were not hungry.

You visited 1 branch of the dungeon, and saw 2 of its levels.

You collected 60 gold pieces.

Inventory:

Hand Weapons
 a - a +0 spear (weapon)
Missiles
 e - 61 stones (quivered)
 h - 23 sling bullets
Armour
 b - a +0 leather armour (worn)
 j - a +0 shield (worn)
Jewellery
 i - a cursed ring of loudness {unknown}
Scrolls
 f - a scroll of magic mapping {unknown}
 g - a scroll of remove curse {unknown}
 m - a scroll of teleportation {unknown}
 n - 2 scrolls of identify {unknown}
Potions
 k - a potion of flight {unknown}
Books
 c - a book of Battle

   Spells                             Type                      Level
   a - Infusion                       Charms                       1
   b - Shroud of Golubria             Charms/Translocation         2
   c - Song of Slaying                Charms                       2
   d - Spectral Weapon                Hexes/Charms                 3
   e - Regeneration                   Charms/Necromancy            3
Comestibles
 d - a bread ration
 l - 2 chunks of flesh


   Skills:
 + Level 2.8(1.3) Fighting
 + Level 3.5(1.9) Polearms
 - Level 0.7(0.0) Armour
 + Level 2.8(1.2) Dodging
 * Level 0.2(0.0) Stealth
 - Level 2.1(0.6) Spellcasting
 + Level 0.2(0.0) Hexes
 - Level 3.7(2.1) Charms


You had 2 spell levels left.
You knew the following spells:

 Your Spells              Type           Power        Failure   Level  Hunger
a - Infusion              Chrm           #...         75%         1    ##.....
b - Spectral Weapon       Hex/Chrm       #.......     99%         3    ####...


Dungeon Overview and Level Annotations

Branches:
Dungeon (2/15)

Altars:
Dithmenos


Message History

The adder is moderately wounded.
The adder bites you.
You are lethally poisoned!
The adder poisons you!
You miss the adder.
The adder is moderately wounded.
* * * LOW HITPOINT WARNING * * *
You feel sick. The adder barely misses you. The adder bites you.
* * * LOW HITPOINT WARNING * * *
You are more poisoned.
The adder poisons you!
You closely miss the adder.
The adder is moderately wounded.
* * * LOW HITPOINT WARNING * * *
You feel sick. You block the adder's attack.
You closely miss the adder.
The adder is moderately wounded.
* * * LOW HITPOINT WARNING * * *
You feel sick. The adder bites you.
You die...

#.........#
#..######.#
#...# #.#
.#####...##
#.#
..........#
#.#
.######.#.##
#.# #.#..#
#.# #.##.#
#.#
#.##.###@#
..##..##S#
#####.##.#
#.##.#
#.##.#
#..#.#
##.#.#
#.#+#####
#########
#.......#


You could see an adder.

Vanquished Creatures
  A worm (D:2)
  A dart slug (D:1)
  2 leopard geckos (D:1)
  2 bats (D:1)
  A giant cockroach (D:1)
  3 goblins (D:1)
  4 hobgoblins
  5 kobolds
  5 rats
24 creatures vanquished.

Notes
Turn   | Place    | Note
-------+----------+-------------------------------------------
     0 | D:1      | noon the Merfolk Skald began the quest for the Orb.
     0 | D:1      | Reached XP level 1. HP: 16/16 MP: 3/3
    55 | D:1      | Reached XP level 2. HP: 19/23 MP: 5/5
   567 | D:1      | Reached XP level 3. HP: 27/28 MP: 6/6
   607 | D:1      | Learned a level 3 spell: Spectral Weapon
   997 | D:2      | Found a shadowy altar of Dithmenos.
  1014 | D:2      | Became a worshipper of Dithmenos the Shadowed
  1114 | D:2      | HP: 1/28 [poisoned by an adder]
  1114 | D:2      | Slain by an adder

Vault maps used:
D:1:      lemuel_arrival_broad_hall, minmay_pentomino_p4
D:2:      grunt_dithmenos_smoke, led_sif_pool

Action                   || total
-------------------------++-------
Melee: Spear             ||    94
  Eat: Chunk             ||     1
Armor: Leather armour    ||    25
Dodge: Dodged            ||    40
Block: Shield            ||     8

Table legend:
 A = Spawn XP
 B = Non-spawn XP
 C = Spawn XP percentage of total XP
 D = Spawn monster count
 E = Non-spawn monster count
 F = Spawn count percentage of total count
 G = Total turns spent on level
                    A         B        C        D         E        F      G
               +---------+---------+-------+---------+---------+-------+---------
         Total |       0 |      46 |   0.0 |       0 |      24 |   0.0 |  1114
               +---------+---------+-------+---------+---------+-------+---------
           D:1 |       0 |      36 |   0.0 |       0 |      20 |   0.0 |   675
           D:2 |       0 |      10 |   0.0 |       0 |       4 |   0.0 |   439
               +---------+---------+-------+---------+---------+-------+---------
